 Dungeon Crawl Stone Soup version 0.28.0-53-g5a82cb258f (webtiles) character file.

Game seed: 181105495979956979

86 jiml777 the Gusty (level 4, -1/32 HPs)
             Began as a Gnoll Air Elementalist on July 8, 2022.
             Slain by an orc
             ... wielding a +0 short sword of protection
              (3 damage)
             ... on level 3 of the Dungeon.
             The game lasted 00:09:37 (2282 turns).

jiml777 the Gusty (Gnoll Air Elementalist)          Turns: 2282, Time: 00:09:38

Health: -1/32      AC:  7    Str:  7    XL:     4   Next: 50%
Magic:  0/11       EV: 11    Int: 16    God:
Gold:   82         SH:  0    Dex: 13    Spells: 12/13 levels left

rFire   . . .      SeeInvis +   p - +4 hand axe of Kindness {vorpal, rPois rC+++ SInv Stlth-}
rCold   + + +      Faith    .   (no shield)
rNeg    . . .      Spirit   +   o - +2 ring mail {Will+}
rPois   +          Reflect  .   (no helmet)
rElec   .          Harm     .   (no cloak)
rCorr   .          Rampage  .   (no gloves)
Will    +....                   (no boots)
Stlth   +.........              e - amulet of guardian spirit
HPRegen 0.10/turn               (no ring)
MPRegen 0.12/turn               (no ring)

@: no status effects
A: fangs 1, strong nose, distributed training
a: no special abilities


You were on level 3 of the Dungeon.
You visited 1 branch of the dungeon, and saw 3 of its levels.

You collected 137 gold pieces.
You spent 55 gold pieces at shops.

Inventory:

Hand Weapons
 c - a +0 spear
 d - a +0 dagger
 f - a +2 rapier of holy wrath
 h - a +2 dagger of protection
 m - a +0 hunting sling
 p - the +4 hand axe of Kindness (weapon) {vorpal, rPois rC+++ SInv Stlth-}
   (You took it off a kobold on level 3 of the Dungeon)

   It inflicts extra damage upon your enemies.
   rC:        It renders you almost immune to cold.
   rPois:     It protects you from poison.
   SInv:      It lets you see invisible.
   Stlth:     It makes you less stealthy.
Missiles
 l - 56 stones
 q - 3 poisoned darts
Armour
 a - a +0 robe
 k - a +0 leather armour
 o - a +2 ring mail of willpower (worn)
Jewellery
 e - an amulet of guardian spirit (around neck)
Scrolls
 g - a scroll of summoning {unknown}
 i - a scroll of fear {unknown}
 j - 2 scrolls of teleportation {unknown}
Potions
 b - 3 potions of cancellation
 n - a potion of haste {unknown}


   Skills:
 + Level 1.1 Fighting
 + Level 1.1 Short Blades
 + Level 1.1 Long Blades
 + Level 1.1 Axes
 + Level 1.1 Maces & Flails
 + Level 1.1 Polearms
 + Level 1.1 Staves
 + Level 1.1 Slings
 + Level 1.1 Bows
 + Level 1.1 Crossbows
 + Level 1.1 Throwing
 + Level 1.1 Armour
 + Level 4.6 Dodging
 + Level 4.2 Stealth
 + Level 1.1 Shields
 + Level 1.1 Unarmed Combat
 + Level 5.1 Spellcasting
 + Level 2.2 Conjurations
 + Level 0.9 Hexes
 + Level 0.9 Summonings
 + Level 0.9 Necromancy
 + Level 0.9 Translocations
 + Level 0.9 Transmutations
 + Level 0.9 Fire Magic
 + Level 0.9 Ice Magic
 + Level 5.4 Air Magic
 + Level 0.9 Earth Magic
 + Level 0.9 Poison Magic
 + Level 1.2 Invocations
 + Level 1.1 Evocations


You had 12 spell levels left.
You knew the following spells:

 Your Spells              Type           Power      Damage    Failure   Level
a - Shock                 Conj/Air       64%        1d7       11%         1

Your spell library contained the following spells:

 Spells                   Type           Power      Damage    Failure   Level
 Static Discharge         Conj/Air       16%        N/A       16%         2
 Swiftness                Air            21%        N/A       16%         3
 Airstrike                Air            10%        N/A       47%         4
 Tukima's Dance           Hex            7%         N/A       71%         3
 Anguish                  Hex/Necr       3%         N/A       98%         4
 Enfeeble                 Hex            3%         N/A       100%        7


Dungeon Overview and Level Annotations

Branches:
Dungeon (3/15)

Altars:

Shops:
D:2 ?

Annotations:
D:2 Sigmund


Innate Abilities, Weirdness & Mutations

You have very sharp teeth.
Your uncanny sense of smell can sniff out nearby items.
Your experience applies equally to all skills.


Message History

The orc hits you with a +0 short sword of protection.
* * * LOW HITPOINT WARNING * * *
You hit the orc but do no damage. Your bite misses the orc.
The orc is moderately wounded.
The orc hits you but does no damage. The orc misses you.
You hit the orc but do no damage.
The orc is moderately wounded.
The orc hits you with a +0 short sword of protection.
* * * LOW HITPOINT WARNING * * *
Casting: Shock (safe; 11% risk of failure)
Confirm with . or Enter, or press ? or * to list all spells.
Aiming: Shock (safe; 11% risk of failure)
Press: ? - help, Shift-Dir - straight line The zap misses the orc.
The zap hits the orc but does no damage.
The orc is moderately wounded.
The orc hits you with a +0 short sword of protection.
* * * LOW HITPOINT WARNING * * *
Casting: Shock (safe; 11% risk of failure)
Confirm with . or Enter, or press ? or * to list all spells.
Aiming: Shock (safe; 11% risk of failure)
Press: ? - help, Shift-Dir - straight line The zap hits the orc but does no damage.
The orc is moderately wounded.
The zap hits the orc.
The orc is heavily wounded.
The orc completely misses you.
Casting: Shock (safe; 11% risk of failure)
Confirm with . or Enter, or press ? or * to list all spells.
You don't have enough magic to cast this spell.
Unknown command.
Casting: Shock (safe; 11% risk of failure)
Confirm with . or Enter, or press ? or * to list all spells.
You don't have enough magic to cast this spell.
Unknown command.
A gnoll comes into view. It is wielding a +0 halberd.
The gnoll shouts!
You hear a shout!
A gnoll comes into view. It is wielding a +0 club.
The orc hits you with a +0 short sword of protection.
You die...

#[#...# #... #.# #..#..
#.####.#...###..# ##.# #....#
#......>.....#..# #..# #..#.#
......w......#..# #.## #..#.#
#.####)......#..# #.# #..#.#
......#....##..# #.# #.[#.#
.###..#....##..####.#####..#.#
#..####.#................
#..####.#.@#####.####..##
.........o.# #.####..####
###.######.## #.#.......†. #.#
#.#.##..#### #.# #.#.##..# #.#
#.#.##..# #g# #.#.##..#### #.#
#........... #.# ###.##......


You could see a gnoll and an orc.

Vanquished Creatures
  An orc wizard (D:3)
  A hound skeleton (D:3)
  An adder (D:2)
  A worm (D:2)
  2 dart slugs
  2 orcs (D:3)
  4 ball pythons
  A bat (D:3)
  An endoplasm (D:3)
  3 goblins
  4 jackals (D:3)
  3 kobolds
  A quokka (D:2)
  2 frilled lizards
  4 rats
31 creatures vanquished.

Vanquished Creatures (others)
  2 plants (D:1)
2 creatures vanquished.

Grand Total: 33 creatures vanquished

Notes
Turn   | Place    | Note
-------+----------+-------------------------------------------
     0 | D:1      | jiml777 the Gnoll Air Elementalist began the quest for the
                  | Orb.
     0 | D:1      | Reached XP level 1. HP: 13/13 MP: 6/6
   518 | D:1      | Reached XP level 2. HP: 15/19 MP: 2/7
   701 | D:1      | Found a faded altar of an unknown god.
   854 | D:1      | You fall into a shaft and drop 1 floor!
  1367 | D:2      | Found Naqess's Magic Scroll Shoppe.
  1371 | D:2      | Bought a scroll of noise for 11 gold pieces
  1371 | D:2      | Bought a scroll of identify for 22 gold pieces
  1371 | D:2      | Bought a scroll of identify for 22 gold pieces
  1493 | D:2      | Reached skill level 5 in Spellcasting
  1493 | D:2      | Reached XP level 3. HP: 19/25 MP: 0/9
  1724 | D:2      | Noticed Sigmund
  1878 | D:3      | Reached skill level 1 in Invocations
  1927 | D:3      | Reached skill level 1 in Fighting
  1927 | D:3      | Reached skill level 1 in Short Blades
  1927 | D:3      | Reached skill level 1 in Long Blades
  1927 | D:3      | Reached skill level 1 in Axes
  1927 | D:3      | Reached skill level 1 in Maces & Flails
  1927 | D:3      | Reached skill level 1 in Polearms
  1927 | D:3      | Reached skill level 1 in Staves
  1927 | D:3      | Reached skill level 1 in Slings
  1927 | D:3      | Reached skill level 1 in Bows
  1927 | D:3      | Reached skill level 1 in Crossbows
  1927 | D:3      | Reached skill level 1 in Throwing
  1927 | D:3      | Reached skill level 1 in Armour
  1927 | D:3      | Reached skill level 1 in Shields
  1927 | D:3      | Reached skill level 1 in Unarmed Combat
  1927 | D:3      | Reached skill level 1 in Evocations
  1990 | D:3      | Identified the +4 hand axe of Kindness {vorpal, rPois rC+++
                  | SInv Stlth-}
  2002 | D:3      | Reached XP level 4. HP: 23/32 MP: 11/11
  2282 | D:3      | Slain by an orc

Illustrated notes

Levels and vault maps discovered:
D:1:      dpeg_arrival_court, layout_basic, ebering_ecumenical_altar_rust,
          serial_bayou_lagoon_a
D:2:      layout_loops_ring, serial_shops, nicolae_shop_stone, uniq_sigmund
D:3:      layout_loops_ring

Skill      XL: |  1  2  3 |
---------------+----------+-----
Conjurations   | 2 |  2.2
Spellcasting   | 5 |  5.1
Invocations    | 1 |  1.2
Fighting       | 1 |  1.1
Short Blades   | 1 |  1.1
Long Blades    | 1 |  1.1
Axes           | 1 |  1.1
Maces & Flails | 1 |  1.1
Polearms       | 1 |  1.1
Staves         | 1 |  1.1
Slings         | 1 |  1.1
Bows           | 1 |  1.1
Crossbows      | 1 |  1.1
Throwing       | 1 |  1.1
Armour         | 1 |  1.1
Shields        | 1 |  1.1
Unarmed Combat | 1 |  1.1
Evocations     | 1 |  1.1
Dodging        | |  4.6
Stealth        | |  4.2
Hexes          | |  0.9
Summonings     | |  0.9
Necromancy     | |  0.9
Translocations | |  0.9
Transmutations | |  0.9
Fire Magic     | |  0.9
Ice Magic      | |  0.9
Air Magic      | |  5.4
Earth Magic    | |  0.9
Poison Magic   | |  0.9

Action                   |  1- 3 |  4- 6 || total
-------------------------+-------+-------++-------
Melee: Dagger            |   100 |    32 ||   132
       Rapier            |    10 |       ||    10
       Bite              |    15 |     4 ||    19
       Punch             |     3 |     3 ||     6
       Hand axe          |       |    10 ||    10
 Cast: Shock             |    15 |     2 ||    17
  Use: Scroll            |     2 |       ||     2
       Potion            |     1 |     1 ||     2
 Stab: Sleeping          |     2 |     1 ||     3
Armor: Robe              |     5 |       ||     5
       Leather armour    |    26 |       ||    26
       Ring mail         |     9 |    59 ||    68
Dodge: Dodged            |    74 |    74 ||   148
